 Dungeon Crawl Stone Soup version 0.32-a0-391-gce5c0aab1b (webtiles) character file.

Game seed: 7877944953479461231

15934 Xavori the Prestidigitator (level 12, -2/81 (94) HPs)
             Began as a Djinni Chaos Knight on Feb 20, 2024.
             Was a Plaything of Xom.
             Slain by a large abomination (33 damage)
             ... on level 2 of the Abyss.
             The game lasted 00:19:15 (11678 turns).

Xavori the Prestidigitator (Djinni Chaos Knight)   Turns: 11678, Time: 00:19:15

HP:   -2/81 (94)    AC:  6    Str: 14    XL:     12   Next: 63%
Gold: 615           EV: 16    Int: 15    God:    Xom [......] SH:  5 Dex: 18

rFire   + + .        J - +4 falchion (flame)
rCold   x . .        (no shield)
rNeg    . . .        G - +0 troll leather armour
rPois   ∞            (no helmet)
rElec   .            (no cloak)
rCorr   .            (no gloves)
SInv    .            (boots unavailable)
Will    +....        E - amulet of reflection
Stlth   +            x - +4 ring of protection
HPRegen 1.13/turn    z - +4 ring of slaying
MPRegen 0.00/turn

%: random rage (3%), reflection, infuse magic (-3 HP)
@: flying, heavily drained
A: sickness immunity, fire resistance 2, cold vulnerability 1, float, innate
caster, HP casting, extra vitality 1, agile 1, berserk 1, deformed body, robust
1, strong 1
a: Renounce Religion


You were on level 2 of the Abyss.
You worshipped Xom.
You were a very special plaything of Xom.
You visited 1 branch of the dungeon, and saw 10 of its levels.
You visited the Abyss 1 time.

You collected 714 gold pieces.
You spent 99 gold pieces at shops.

Inventory:

Hand Weapons
 J - a +4 falchion of flaming (weapon)
Missiles
 q - 4 curare-tipped darts (quivered)
Armour
 b - a +2 leather armour
 f - a +0 helmet
 G - a +0 troll leather armour (worn)
Jewellery
 h - a +5 ring of evasion
 x - a +4 ring of protection (left hand)
 z - a +4 ring of slaying (right hand)
 D - a +6 ring of intelligence
 E - an amulet of reflection (around neck)
Wands
 a - a wand of digging (4)
 k - a wand of paralysis (6)
 o - a wand of roots (12)
 v - a wand of flame (15)
 w - a wand of quicksilver (18)
 y - a wand of mindburst (17)
Scrolls
 c - a scroll of butterflies
 d - 2 scrolls of poison
 e - 4 scrolls of torment
 m - 3 scrolls of revelation
 n - 2 scrolls of enchant armour
 p - a scroll of teleportation
 s - 3 scrolls of fear
 u - 2 scrolls of enchant weapon
 C - a scroll of vulnerability
Potions
 g - 2 potions of brilliance
 i - a potion of ambrosia {unknown}
 j - 2 potions of berserk rage {unknown}
 l - 4 potions of curing
 t - 2 potions of might {unknown}
 A - a potion of attraction {unknown}
 F - a potion of enlightenment {unknown}


   Skills:
 + Level 7.8 Fighting
 + Level 7.1 Long Blades
 + Level 7.2 Armour
 + Level 8.2 Dodging
 * Level 7.6 Spellcasting
 * Level 7.6 Conjurations
 * Level 7.6 Hexes
 * Level 7.6 Summonings
 * Level 7.6 Necromancy
 * Level 7.6 Translocations
 * Level 7.6 Fire Magic
 * Level 7.6 Ice Magic
 * Level 7.6 Air Magic
 * Level 7.6 Earth Magic
 * Level 7.6 Alchemy
 * Level 9.6 Evocations


You knew the following spells:

 Your Spells              Type           Power      Damage    Failure   Level
a - Slow                  Hex            100%       N/A       1%          1
b - Mercury Vapours       Alch/Air       56%        N/A       1%          2
c - Vampiric Draining     Necr           28%        2d8       1%          3
d - Teleport Other        Tloc           28%        N/A       1%          3
e - Manifold Assault      Tloc           28%        N/A       6%          4
Your spell library was empty.

Dungeon Overview and Level Annotations

Branches:
Dungeon (10/15)            Temple (0/1) D:7            Lair (0/5) D:8
    Orc (0/2) D:9

Altars:
Dithmenos
Elyvilon
Hepliaklqana
Trog
Xom
Zin
Beogh

Shops:
D:1 *   D:5 *

Annotations:
D:2 1 runed translucent door, Crazy Yiuf
D:7 2 transporters, exclusion: statue


Innate Abilities, Weirdness & Mutations

You are immune to sickness and miasma.
You are immune to poison.
Your flesh is very heat resistant. (rF++)
You are vulnerable to cold. (rC-)
You float through the air rather than walking.
You learn spells naturally, not from books.
Your magical power is your life essence.
You have superior vitality. (+4 MHP)
You are agile. (Dex +4, Str/Int -1)
You sometimes lose your temper in combat.
Armour fits poorly on your strangely shaped body.
You are robust. (+10% HP)
Your muscles are strong. (Str +4, Int/Dex -1)


Message History

You slash the glowing orange brain! You burn the glowing orange brain.
The glowing orange brain is almost dead.
The glowing orange brain pulsates.
Something gnaws heavily on your mind!
You slash the glowing orange brain! You burn the glowing orange brain.
You kill the glowing orange brain!
Your life force feels restored.
You slash the large abomination! You burn the large abomination.
The large abomination is moderately damaged.
Xom's malign attention turns to you for a moment.
You feel drained.
The large abomination closely misses you.
You completely miss the large abomination.
The large abomination is moderately damaged.
The large abomination closely misses you.
You hit the large abomination but do no damage.
The large abomination is moderately damaged.
The large abomination hits you!
You hit the large abomination but do no damage.
The large abomination is moderately damaged.
The large abomination hits you!
You hit the large abomination but do no damage.
The large abomination is moderately damaged.
The large abomination barely misses you.
You hit the large abomination but do no damage.
The large abomination is moderately damaged.
The large abomination hits you!
You hit the large abomination but do no damage.
The large abomination is moderately damaged.
You block the large abomination's attack.
You hit the large abomination but do no damage.
The large abomination is moderately damaged.
You hear Xom's maniacal laughter.
The large abomination hits you!
You hit the large abomination. You burn the large abomination.
The large abomination is moderately damaged.
The ufetubus misses you. The ufetubus barely misses you.
The large abomination hits you!!
You die...
Xom titters!

. . ## #
. . ##
#.5### .
# #55## #
.. #@#.#
#..
#.##X§# #
. ..X.###
#.......#
. ...##.#
.## .. ..
# #.# ..#
..#


You could see a large abomination, a quasit (summoned), a white imp (summoned)
and an ufetubus (summoned).

Vanquished Creatures
  A tentacled starspawn (Abyss:2)
  A black draconian (Abyss:1)
  A centaur warrior (D:9)
  A catoblepas (D:9)
  A wretched star (Abyss:1)
  A glowing orange brain (Abyss:2)
  A deep elf pyromancer (D:9)
  A large abomination (Abyss:1)
  A cyclops (D:8)
  An apocalypse crab (Abyss:1)
  An orange demon (Abyss:1)
  4 trolls
  A wind drake (D:10)
  Grinder (D:3)
  2 shadows (D:9)
  5 small abominations (Abyss:1)
  3 wraiths
  A slime creature (D:9)
  3 wyverns (D:9)
  4 yaks (D:10)
  3 humans (D:6)
  A vampire (Abyss:1)
  A yak (shapeshifter) (D:9)
  A basilisk (D:9)
  A chaos spawn (Abyss:1)
  2 steam dragons
  Menkaure (D:5)
  An acid dragon (D:9)
  4 water moccasins
  3 orc warriors
  A sky beast (D:7)
  A laughing skull (Abyss:1)
  An ice beast (D:5)
  7 centaurs
  An ogre (D:5)
  5 kobold brigands
  A weeping skull (Abyss:1)
  6 bullfrogs
  2 gnoll sergeants
  5 scorpions
  9 wights
  4 killer bees
  4 howler monkeys
  2 bombardier beetles
  2 quasits (Abyss:1)
  3 orc priests
  3 hounds
  3 jellies
  6 iguanas
  2 sleepcaps
  Ijyb (D:3)
  Terence (D:2)
  An orc wizard (D:3)
  Natasha (thrice) (D:2)
  10 adders
  12 gnolls
  2 white imps
  2 ufetubi (D:5)
  5 dart slugs
  A ribbon worm (D:2)
  22 orcs
  8 ball pythons
  3 bats
  6 endoplasms
  2 giant cockroaches
  5 goblins
  5 hobgoblins
  13 jackals
  11 kobolds
  4 quokkas
  2 frilled lizards (D:1)
  8 rats
  A starspawn tentacle (Abyss:2)
249 creatures vanquished.

Vanquished Creatures (collateral kills)
  Maggie (D:6)
  An ogre (D:6)
  A centaur (D:9)
  Blork the orc (D:6)
  A scorpion (D:5)
  A sleepcap (D:4)
  A hobgoblin (D:3)
  A bat (D:3)
8 creatures vanquished.

Vanquished Creatures (others)
  An eldritch tentacle (D:6)
  An orc (D:6)
  2 kobolds (D:10)
  A kobold zombie (D:8)
  A lurking horror (Abyss:1)
  5 starspawn tentacles (Abyss:2)
11 creatures vanquished.

Grand Total: 268 creatures vanquished

Notes
Turn   | Place    | Note
-------+----------+-------------------------------------------
     0 | D:1      | Xavori the Djinni Chaos Knight began the quest for the Orb.
     0 | D:1      | Reached XP level 1. HP: 20/20 MP: 0/0
    39 | D:1      | Reached XP level 2. HP: 12/25 MP: 0/0
    72 | D:1      | XOM: silly message
   202 | D:1      | XOM: give mutation
   202 | D:1      | Gained mutation: Your muscles are strong. (Str +4, Int/Dex
                  | -1) [Xom's grace]
   464 | D:1      | Reached XP level 3. HP: 28/30 MP: 0/0
   464 | D:1      | Learned a level 1 spell: Slow
   467 | D:1      | Reached skill level 1 in Spellcasting
   467 | D:1      | Reached skill level 1 in Conjurations
   467 | D:1      | Reached skill level 1 in Hexes
   467 | D:1      | Reached skill level 1 in Summonings
   467 | D:1      | Reached skill level 1 in Necromancy
   467 | D:1      | Reached skill level 1 in Translocations
   467 | D:1      | Reached skill level 1 in Fire Magic
   467 | D:1      | Reached skill level 1 in Ice Magic
   467 | D:1      | Reached skill level 1 in Air Magic
   467 | D:1      | Reached skill level 1 in Earth Magic
   467 | D:1      | Reached skill level 1 in Alchemy
   623 | D:1      | Found a faded altar of an unknown god.
   718 | D:1      | Found Tosuecoam's General Store.
   787 | D:1      | XOM: scenery: 1 doors close
  1110 | D:2      | Reached XP level 4. HP: 35/35 MP: 0/0
  2002 | D:1      | XOM: scenery: summon butterflies
  2096 | D:1      | XOM: give mutations
  2096 | D:1      | Gained mutation: You are agile. (Dex +4, Str/Int -1) [Xom's
                  | grace]
  2096 | D:1      | Gained mutation: You are very agile. (Dex +8, Str/Int -2)
                  | [Xom's grace]
  2096 | D:1      | Gained mutation: You expend health (3 HP) to strengthen
                  | your wands. [Xom's grace]
  2096 | D:1      | Gained mutation: You have a pair of small antennae on your
                  | head. [Xom's grace]
  2474 | D:1      | XOM: god gift: wand of paralysis (5)
  2612 | D:1      | XOM: god gift: 17 gold pieces
  2688 | D:1      | Bought a potion of curing for 33 gold pieces
  2688 | D:1      | Bought a scroll of identify for 22 gold pieces
  2874 | D:2      | Noticed Natasha
  2881 | D:2      | Killed Natasha
  2926 | D:2      | Noticed Terence
  2936 | D:2      | Killed Terence
  2937 | D:2      | Reached XP level 5. HP: 27/40 MP: 0/0
  2937 | D:2      | Learned a level 2 spell: Mercury Vapours
  2951 | D:2      | XOM: scenery: create altars
  2988 | D:2      | XOM: divination: magic mapping
  3001 | D:2      | You are sucked into a shaft and drop 2 floors!
  3039 | D:4      | XOM: confuse monster(s)
  3136 | D:4      | Reached XP level 6. HP: 46/47 MP: 0/0
  3158 | D:4      | Found a white marble altar of Elyvilon.
  3300 | D:3      | Noticed Ijyb
  3305 | D:3      | XOM: smoke on damage
  3307 | D:3      | XOM: enchant monster (good)
  3316 | D:3      | Killed Ijyb
  3458 | D:2      | XOM: silly message
  3701 | D:2      | Noticed Natasha
  3712 | D:2      | Killed Natasha
  3713 | D:2      | Reached skill level 1 in Evocations
  3721 | D:2      | Found a runed translucent door.
  3722 | D:2      | Noticed Crazy Yiuf
  3777 | D:2      | Noticed Natasha
  3784 | D:2      | Killed Natasha
  3785 | D:2      | Reached XP level 7. HP: 49/51 MP: 0/0
  3785 | D:2      | Learned a level 3 spell: Vampiric Draining
  3872 | D:1      | Bought a scroll of fear for 44 gold pieces
  4055 | D:3      | XOM: scenery: 1 doors open, 1 doors close
  4078 | D:3      | XOM: noise
  4097 | D:3      | XOM: scenery: 1 doors close
  4255 | D:3      | XOM: 4-stop teleportation journey
  4287 | D:3      | XOM: scenery: create altars
  4356 | D:3      | XOM: god gift: 17 gold pieces
  4391 | D:3      | Noticed Grinder
  4402 | D:3      | XOM: scenery: summon butterflies
  4403 | D:3      | XOM: scenery: create altars
  4411 | D:3      | Killed Grinder
  4412 | D:3      | Reached skill level 2 in Evocations
  4623 | D:4      | XOM: smoke on damage
  4684 | D:4      | XOM: polymorph hound -> ball python
  4828 | D:4      | XOM: enchant monster (good)
  4953 | D:4      | XOM: god gift: leather armour {god gift}
  5113 | D:4      | Reached XP level 8. HP: 57/58 MP: 0/0
  5151 | D:5      | Entered Level 5 of the Dungeon
  5203 | D:5      | XOM: fog
  5211 | D:5      | Reached skill level 3 in Evocations
  5234 | D:5      | Found a glowing silver altar of Zin.
  5234 | D:5      | Found Zin's Purification Station.
  5275 | D:5      | XOM: 1-stop teleportation journey
  5413 | D:5      | Found a bloodstained altar of Trog.
  5716 | D:5      | Reached skill level 4 in Evocations
  5726 | D:5      | XOM: summons friendly white imp
  5728 | D:5      | Reached XP level 9. HP: 30/64 MP: 0/0
  5728 | D:5      | Learned a level 3 spell: Teleport Other
  5856 | D:5      | Noticed Menkaure
  5861 | D:5      | Killed Menkaure
  5862 | D:5      | Reached skill level 5 in Fighting
  5878 | D:5      | XOM: divination: detect items
  6159 | D:6      | Reached skill level 5 in Dodging
  6188 | D:6      | XOM: cast spell 'Malign Gateway'
  6188 | D:6      | Noticed Blork the orc
  6194 | D:6      | Killed Blork the orc
  6208 | D:6      | XOM: 4-stop teleportation journey
  6395 | D:6      | Reached skill level 5 in Evocations
  6662 | D:6      | XOM: god gift: wand of quicksilver (8)
  6896 | D:6      | Noticed Maggie
  6910 | D:6      | Killed Maggie
  6911 | D:6      | Reached skill level 5 in Long Blades
  7000 | D:6      | XOM: confuse monster(s)
  7011 | D:6      | Reached skill level 5 in Spellcasting
  7011 | D:6      | Reached skill level 5 in Conjurations
  7011 | D:6      | Reached skill level 5 in Hexes
  7011 | D:6      | Reached skill level 5 in Summonings
  7011 | D:6      | Reached skill level 5 in Necromancy
  7011 | D:6      | Reached skill level 5 in Translocations
  7011 | D:6      | Reached skill level 5 in Fire Magic
  7011 | D:6      | Reached skill level 5 in Ice Magic
  7011 | D:6      | Reached skill level 5 in Air Magic
  7011 | D:6      | Reached skill level 5 in Earth Magic
  7011 | D:6      | Reached skill level 5 in Alchemy
  7011 | D:6      | Reached XP level 10. HP: 68/71 MP: 0/0
  7050 | D:6      | Identified the serpent talisman of the Trees {Int+2}
  7094 | D:6      | XOM: god gift: leather armour {god gift}
  7189 | D:7      | Found a transporter.
  7224 | D:7      | Noticed an ogre mage
  7225 | D:7      | XOM: blink monster(s)
  7335 | D:7      | XOM: summons friendly white imp
  7398 | D:7      | XOM: 3-stop teleportation journey
  7523 | D:7      | XOM: god gift: runed spear {god gift}
  7576 | D:7      | Found a staircase to the Ecumenical Temple.
  7745 | D:7      | Reached skill level 6 in Evocations
  7917 | D:7      | Found a hazy altar of Hepliaklqana.
  7918 | D:7      | Found a shadowy altar of Dithmenos.
  7986 | D:7      | Reached skill level 5 in Armour
  8153 | D:7      | Found a roughly hewn altar of Beogh.
  8153 | D:7      | Found a transporter.
  8193 | D:8      | XOM: scenery: summon butterflies
  8196 | D:8      | XOM: fog
  8231 | D:8      | XOM: polymorph butterfly -> quokka
  8273 | D:8      | XOM: give mutations
  8273 | D:8      | Lost mutation: You have a pair of small antennae on your
                  | head. [Xom's mischief]
  8273 | D:8      | Lost mutation: Your muscles are strong. (Str +4, Int/Dex
                  | -1) [Xom's mischief]
  8273 | D:8      | Gained mutation: You are robust. (+10% HP) [Xom's mischief]
  8273 | D:8      | Lost mutation: You expend health (3 HP) to strengthen your
                  | wands. [Xom's mischief]
  8324 | D:8      | XOM: cast spell 'Iskenderun's Battlesphere'
  8329 | D:8      | XOM: polymorph killer bee -> bat
  8403 | D:8      | XOM: give mutation
  8403 | D:8      | Lost mutation: You are robust. (+10% HP) [Xom's mischief]
  8572 | D:8      | XOM: give mutations
  8572 | D:8      | Gained mutation: You are robust. (+10% HP) [Xom's mischief]
  8572 | D:8      | Gained mutation: Your spells are a little easier to cast,
                  | but a little less powerful. [Xom's mischief]
  8572 | D:8      | Gained mutation: Your muscles are strong. (Str +4, Int/Dex
                  | -1) [Xom's mischief]
  8572 | D:8      | Gained mutation: You sometimes lose your temper in combat.
                  | [Xom's mischief]
  8602 | D:8      | a troll changed into a cyclops
  8602 | D:8      | Noticed a cyclops
  8602 | D:8      | XOM: polymorph troll -> cyclops
  8610 | D:8      | Killed a cyclops
  8855 | D:8      | Found a staircase to the Lair.
  8858 | D:8      | Identified the +1 leather armour "Buxzias" {Int+2 Dex+2}
  8947 | D:8      | XOM: 5-stop teleportation journey
  9229 | D:9      | XOM: confusion
  9377 | D:9      | XOM: summons friendly crimson imp
  9387 | D:9      | Reached skill level 7 in Evocations
  9581 | D:9      | Reached XP level 11. HP: 85/85 MP: 0/0
  9581 | D:9      | Learned a level 4 spell: Manifold Assault
  9651 | D:9      | Noticed a deep elf pyromancer
  9655 | D:9      | Noticed a catoblepas
  9666 | D:9      | XOM: summons friendly quasit
  9692 | D:9      | XOM: enchant monster (good)
  9693 | D:9      | XOM: enchant monster (good)
  9698 | D:9      | Killed a catoblepas
  9706 | D:9      | Killed a deep elf pyromancer
  9740 | D:9      | XOM: 4-stop teleportation journey
  9743 | D:9      | XOM: summons 5 friendly demons
  9744 | D:9      | XOM: confuse monster(s)
  9747 | D:9      | XOM: enchant monster (good)
  9751 | D:9      | XOM: summons friendly ufetubus
  9751 | D:9      | Noticed a centaur warrior
  9766 | D:9      | Killed a centaur warrior
  9767 | D:9      | Reached skill level 8 in Evocations
  9915 | D:9      | XOM: god gift: shiny plate armour {god gift}
  9916 | D:9      | XOM: give mutations
  9916 | D:9      | Lost mutation: Your spells are a little easier to cast, but
                  | a little less powerful. [Xom's mischief]
  9916 | D:9      | Gained mutation: Armour fits poorly on your strangely
                  | shaped body. [Xom's mischief]
  9941 | D:9      | XOM: summons 2 friendly demons
 10003 | D:9      | XOM: summons friendly shadow imp
 10004 | D:9      | XOM: cast spell 'Metabolic Englaciation'
 10009 | D:9      | XOM: destruction
 10011 | D:9      | XOM: summons friendly quasit
 10079 | D:9      | XOM: polymorph quasit -> lemure
 10292 | D:9      | Found a staircase to the Orcish Mines.
 10492 | D:10     | Entered Level 10 of the Dungeon
 10598 | D:10     | Noticed a two-headed ogre
 10600 | D:10     | XOM: enchant monster (bad)
 10677 | D:10     | XOM: god gift: wand of digging (4)
 10700 | D:10     | Found a shimmering altar of Xom.
 10708 | D:10     | Found a shimmering altar of Xom.
 10719 | D:10     | XOM: polymorph yak -> killer bee
 10721 | D:10     | XOM: enchant monster (good)
 10723 | D:10     | XOM: polymorph killer bee -> swamp drake
 10740 | D:10     | XOM: polymorph swamp drake -> wind drake
 10755 | D:10     | XOM: fog
 10798 | Abyss:1  | Cast into level 1 of the Abyss (Xom)
 10859 | Abyss:1  | Reached XP level 12. HP: 93/93 MP: 0/0
 10883 | Abyss:1  | Noticed a wretched star
 10904 | Abyss:1  | Found a corrupted altar of Lugonu.
 10914 | Abyss:1  | Noticed a black draconian
 10929 | Abyss:1  | Killed a black draconian
 10964 | Abyss:1  | XOM: divine lightning
 10970 | Abyss:1  | Killed a wretched star
 10971 | Abyss:1  | Reached skill level 9 in Evocations
 10974 | Abyss:1  | XOM: fog
 11054 | Abyss:1  | Found a corrupted altar of Lugonu.
 11056 | Abyss:1  | Noticed a Hell Sentinel
 11141 | Abyss:1  | XOM: smoke on damage
 11193 | Abyss:1  | XOM: destruction
 11346 | Abyss:1  | XOM: summons 3 hostile shadow creatures
 11361 | Abyss:1  | XOM: draining
 11364 | Abyss:1  | XOM: enchant monster (bad)
 11380 | Abyss:1  | HP: 4/81 [laughing skull/bolt of negative energy (15)]
 11387 | Abyss:2  | Noticed a tentacled starspawn
 11410 | Abyss:2  | XOM: potion effect (curing)
 11422 | Abyss:2  | Killed a tentacled starspawn
 11441 | Abyss:2  | XOM: give mutation
 11441 | Abyss:2  | Gained mutation: You are partially covered in iridescent
                  | scales. (AC +2) [Xom's mischief]
 11653 | Abyss:2  | Noticed a glowing orange brain
 11664 | Abyss:2  | XOM: give mutations
 11664 | Abyss:2  | Lost mutation: You are very agile. (Dex +8, Str/Int -2)
                  | [Xom's mischief]
 11664 | Abyss:2  | Lost mutation: You are partially covered in iridescent
                  | scales. (AC +2) [Xom's mischief]
 11669 | Abyss:2  | Killed a glowing orange brain
 11670 | Abyss:2  | XOM: draining
 11677 | Abyss:2  | XOM: summons 4 hostile demons
 11678 | Abyss:2  | Slain by a large abomination

Illustrated notes

Levels and vault maps discovered:
D:1:      amcnicky_arrival_underground_garden, layout_basic,
          shapermc_ecumenical_altar_totnotflames, serial_shops, shop
D:2:      layout_basic, serial_forest, infiniplex_forest_lined_room_,
          infiniplex_forest_clump_long, infiniplex_forest_lined_ring,
          infiniplex_forest_lined_corner, infiniplex_forest_lined_corner,
          infiniplex_forest_clump_medium, infiniplex_forest_lined_2,
          uniq_terence, uniq_natasha, uniq_crazy_yiuf_cottage
D:3:      layout_basic, uniq_grinder, uniq_ijyb
D:4:      layout_cave_pools, lemuel_crystal_altar, serial_forest,
          infiniplex_forest_corner_1, infiniplex_forest_lined_2,
          infiniplex_forest_clump_tiny, infiniplex_forest_lined_room_3
D:5:      layout_basic, mainiacjoe_overflow_surrounded_room, zin_purify,
          minmay_pentangle, uniq_menkaure
D:6:      layout_loops_cross, minmay_ruffians, uniq_blork_the_orc, uniq_maggie
D:7:      gammafunk_beogh_shrine, layout_loops_ring,
          riverfiend_overflow_shadow_ancestor, vehumet_statue,
          minmay_temple_entry_poolview, nrook_uturn
D:8:      layout_rooms, dpeg_oklobed_lair
D:9:      minmay_the_grid_4x2 [minmay_the_grid_minigrid_large,
          minmay_the_grid_gridbox, minmay_the_grid_spikes,
          minmay_the_grid_outer_diamond, minmay_the_grid_eight,
          minmay_the_grid_rooms, minmay_the_grid_aliased_spiral,
          minmay_the_grid_prize_big_room], layout_basic, orc_0_dummy
D:10:     layout_roguey, xom_redecorated
Abyss:2:  base: D:6, spicy_abyss_rude_harpoons

Skill      XL: |  1  2  3  4  5  6  7  8  9 10 11 12 |
---------------+-------------------------------------+-----
Spellcasting   | 1 2 3 4 5 7 |  7.6
Conjurations   | 1 2 3 4 5 7 |  7.6
Hexes          | 1 2 3 4 5 7 |  7.6
Summonings     | 1 2 3 4 5 7 |  7.6
Necromancy     | 1 2 3 4 5 7 |  7.6
Translocations | 1 2 3 4 5 7 |  7.6
Fire Magic     | 1 2 3 4 5 7 |  7.6
Ice Magic      | 1 2 3 4 5 7 |  7.6
Air Magic      | 1 2 3 4 5 7 |  7.6
Earth Magic    | 1 2 3 4 5 7 |  7.6
Alchemy        | 1 2 3 4 5 7 |  7.6
Long Blades    | 3 4 5 6 7 |  7.1
Armour         | 2 3 4 5 6 7 |  7.2
Dodging        | 3 4 5 6 7 8 |  8.2
Evocations     | 1 2 4 5 7 8 9 |  9.6
Fighting       | 4 5 6 7 |  7.8

Action                     |  1- 3 |  4- 6 |  7- 9 | 10-12 || total
---------------------------+-------+-------+-------+-------++-------
  Melee: Falchion          |    64 |   150 |   358 |   543 ||  1115
   Cast: Mercury Vapours   |       |       |     5 |    17 ||    22
         Manifold Assault  |       |       |       |     2 ||     2
  Evoke: Wand              |       |       |     1 |    19 ||    20
    Use: Scroll            |       |     4 |     2 |     7 ||    13
         Potion            |       |       |       |     2 ||     2
   Stab: Confused          |       |     2 |     5 |     3 ||    10
         Sleeping          |       |     1 |     5 |     2 ||     8
         Petrified         |       |     6 |       |     1 ||     7
         Petrifying        |       |     1 |       |     2 ||     3
         Paralysed         |       |       |     3 |    18 ||    21
         Distracted        |       |       |       |     3 ||     3
 Armour: Leather armour    |    29 |    90 |   115 |   114 ||   348
         Troll leather arm |       |       |       |   239 ||   239
  Dodge: Dodged            |    54 |   133 |   323 |   566 ||  1076
  Block: Other             |       |       |       |    76 ||    76
         Reflection        |       |       |       |    11 ||    11

Table legend: (Time is in decaauts)
 A = Elapsed time spent in this place.
 B = Non-inter-level travel time spent in this place.
 C = Inter-level travel time spent in this place.
 D = Time resting spent in this place.
 E = Time spent auto-exploring this place.
 F = Levels seen in this place.
 G = Mean time per level.
                   A        B        C        D        E       F      G
               +--------+--------+--------+--------+--------+-----+--------+
         Total |  11848 |  11273 |    575 |   3276 |   5459 |  12 |  987.3 |
       Dungeon |  10951 |  10376 |    575 |   2821 |   5424 |  10 | 1095.1 |
         Abyss |    896 |    896 |      0 |    455 |     35 |   2 |  448.0 |
               +--------+--------+--------+--------+--------+-----+--------+

Top non-repeatable levels by time:
     D:1: 2908 daAuts
     D:9: 1390 daAuts
     D:6: 1057 daAuts
     D:5: 1015 daAuts
     D:7: 986 daAuts
     D:8: 973 daAuts
     D:3: 905 daAuts
     D:2: 707 daAuts
     D:4: 689 daAuts
 Abyss:1: 605 daAuts
    D:10: 318 daAuts
 Abyss:2: 290 daAuts
